 Dungeon Crawl Stone Soup version 0.30-a0-728-gc68057be0a (webtiles) character file.

Game seed: 11367336552781418750

1724 Anamonty the Tainter (level 9, -5/58 HPs)
             Began as an Octopode Venom Mage on Jan 31, 2023.
             Splashed by a jelly's acid (9 damage)
             ... on level 6 of the Dungeon.
             The game lasted 00:10:51 (7091 turns).

Anamonty the Tainter (Octopode Venom Mage)          Turns: 7091, Time: 00:10:51

Health: -5/58      AC: -13   Str: 11    XL:     9   Next: 4%
Magic:  13/16      EV: 15    Int: 17    God:
Gold:   192        SH:  0    Dex: 13    Spells: 7/17 levels left

rFire   . . .      SeeInvis .    v - +0 short sword (vamp)
rCold   . . .      Faith    .    (no shield)
rNeg    . . .      Spirit   .    C - +2 hat
rPois   .          Reflect  .    (no amulet)
rElec   .          Harm     .    c - ring of flight
rCorr   .          Rampage  .    (no ring)
Will    .....                    (no ring)
Stlth   +++                      (no ring)
HPRegen 0.29/turn                (no ring)
MPRegen 0.15/turn                (no ring)
                                 (no ring)
                                 (no ring)

@: corroded, flying, studying Stealth
A: almost no armour, amphibious, 8 rings, camouflage 1, gelatinous body 1,
(nimble swimmer 1), tentacles
a: no special abilities


You were on level 6 of the Dungeon.
You visited 1 branch of the dungeon, and saw 6 of its levels.

You collected 192 gold pieces.

Inventory:

Hand Weapons
 v - a +0 vampiric short sword (weapon)
Armour
 C - a +2 hat (worn)
Jewellery
 c - a ring of flight (left tentacle)
 x - the ring of Segg {rF+ rN++ Int-4}
   (You found it on level 4 of the Dungeon)

   [ring of protection from fire]

   Int:       It affects your intelligence (-4).
   rF:        It protects you from fire.
   rN:        It greatly protects you from negative energy.
 y - a ring of poison resistance
Wands
 u - a wand of mindburst (16)
 A - a wand of roots (6)
Scrolls
 b - a scroll of magic mapping {unknown}
 d - 4 scrolls of enchant armour {unknown}
 e - a scroll of butterflies {unknown}
 f - 2 scrolls of poison {unknown}
 g - 3 scrolls of teleportation
 j - a scroll of noise {unknown}
 n - a scroll of amnesia {unknown}
 q - a scroll of identify
 r - 2 scrolls of vulnerability {unknown}
 w - a scroll of fear {unknown}
 B - a scroll of silence {unknown}
Potions
 a - 2 potions of magic
 h - 2 potions of lignification
 i - 2 potions of flight
 k - a potion of invisibility {unknown}
 l - a potion of brilliance {unknown}
 m - a potion of resistance {unknown}
 o - 5 potions of heal wounds
 p - 2 potions of curing {unknown}
 s - a potion of attraction {unknown}
 t - 2 potions of might {unknown}
 z - a potion of ambrosia {unknown}


   Skills:
 + Level 4.1 Fighting
 + Level 5.2 Dodging
 - Level 3.0 Stealth
 + Level 4.8 Spellcasting
 + Level 2.5 Transmutations
 + Level 1.0 Air Magic
 * Level 9.2 Poison Magic


You had 7 spell levels left.
You knew the following spells:

 Your Spells              Type           Power      Damage    Failure   Level
a - Sting                 Tmut/Pois      96%        1d7       1%          1
b - Poisonous Vapours     Pois/Air       42%        N/A       2%          2
c - Olgreb's Toxic Radia  Pois           35%        N/A       3%          4
d - Mephitic Cloud        Conj/Pois/Air  15%        N/A       11%         3

Your spell library contained the following spells:

 Spells                   Type           Power      Damage    Failure   Level
 Shock                    Conj/Air       20%        1d4       12%         1
 Swiftness                Air            7%         N/A       28%         3
 Kindle Blastsparks       Fire/Tloc/Air  10%        2d10      36%         3
 Airstrike                Air            3%         2d(1-17)  67%         4
 Fulminant Prism          Conj/Hex       2%         3d5       82%         4
 Iskenderun's Mystic Bla  Conj/Tloc      4%         2d3       82%         4
 Lee's Rapid Deconstruct  Erth           2%         3d4*      99%         5
 Chain Lightning          Conj/Air       2%         3d3       100%        9
 Fire Storm               Conj/Fire      2%         8d1       100%        9
 Shatter                  Erth           2%         3d6*      100%        9


Dungeon Overview and Level Annotations

Branches:
Dungeon (6/15)
 Temple: D:4-7

Altars:
Gozag
Uskayaw
Zin

Shops:
D:2 :   D:5 [

Annotations:
D:6 3 runed translucent doors, Arximoufas's ghost, amateur DsFi


Innate Abilities, Weirdness & Mutations

You cannot wear most types of armour.
You are amphibious.
You can wear up to eight rings at the same time.
Your skin changes colour to match your surroundings (Stealth+).
Your rubbery body absorbs attacks. (AC +1, EV +1)
((You are camouflaged when in or above water. (Stealth+)))
You have tentacles for arms and can constrict up to eight enemies at once.


Message History

Aim: a jelly (lightly wounded, poisoned, 100% to hit)
The sting hits the jelly.
The jelly partially resists.
The jelly is moderately wounded.
The jelly hits you. The acid corrodes you!
You are splashed with acid!
Casting: Sting (safe; 1% risk of failure)
Confirm with . or Enter, or press ? or * to list all spells.
Aiming: Sting (safe; 1% risk of failure)
Press: ? - help, Shift-Dir - straight line, f/p - jelly
Aim: a jelly (moderately wounded, poisoned, 100% to hit)
The sting hits the jelly.
The jelly partially resists.
The jelly looks even sicker.
The jelly is moderately wounded.
The jelly misses you.
You hit the jelly. The acid corrodes you!
Your tentacles burn!
You squeeze the jelly.
The jelly is severely wounded.
The jelly jiggles.
The jelly hits you. The acid corrodes you!
You are splashed with acid!
You hit the jelly but do no damage.
Your tentacles burn!
You squeeze the jelly, but do no damage.
The jelly is severely wounded.
The jelly hits you. The acid corrodes you!
You are splashed with acid.
You hit the jelly but do no damage.
Your tentacles burn!
You squeeze the jelly, but do no damage.
The jelly is severely wounded.
The jelly closely misses you.
You hit the jelly but do no damage.
Your tentacles burn!
* * * LOW HITPOINT WARNING * * *
The jelly is almost dead.
The jelly hits you.
* * * LOW HITPOINT WARNING * * *
The acid corrodes you!
You are splashed with acid!
* * * LOW HITPOINT WARNING * * *
You hit the jelly but do no damage.
Your tentacles burn!
* * * LOW HITPOINT WARNING * * *
The jelly is almost dead.
The jelly hits you.
* * * LOW HITPOINT WARNING * * *
You are splashed with acid!
You die...

.....##.#
###8$$8..8# #...#
..##.##.# #..$$$$∩#
#.### .###.##.#
##.8∩8∩## #.#
........### #####
#.#
..........#####...#
#.#
................#.#
###.###
.###.####.#.###...#
#.....# . #.# #.#.#
##J## #.#.#.# ..#
#.#.# #)@.# #.#....
...# #.#.###...###
#.###.# #####
#>#.#.......#
#...<.#
#.#......!..#
#######
#.###.......#
###...#.# #...#.#
##.##.# ..#


You could see a jelly (poisoned).

Vanquished Creatures
  Pikel (D:4)
  Edmund (D:4)
  Duvessa (D:6)
  A sky beast (D:5)
  2 black bears (D:5)
  An ogre (D:4)
  A centaur (D:4)
  2 lemures (D:4)
  Blork the orc (D:6)
  A gnoll sergeant (D:6)
  A necrophage (D:6)
  Dowan (D:6)
  2 jellies
  A gnoll bouda (D:6)
  A hound (D:6)
  An iguana (D:6)
  An orc wizard (D:5)
  6 adders
  11 gnolls
  A shadow imp (D:5)
  An ufetubus (D:5)
  A worm (D:2)
  2 dart slugs
  12 orcs
  7 endoplasms
  7 goblins
  5 hobgoblins
  2 jackals (D:4)
  6 kobolds
  5 quokkas
  5 ball pythons (D:3)
  7 bats
  9 frilled lizards
  11 rats
118 creatures vanquished.

Notes
Turn   | Place    | Note
-------+----------+-------------------------------------------
     0 | D:1      | Anamonty the Octopode Venom Mage began the quest for the
                  | Orb.
     0 | D:1      | Reached XP level 1. HP: 11/11 MP: 3/3
   269 | D:1      | Reached skill level 4 in Poison Magic
   269 | D:1      | Reached XP level 2. HP: 17/17 MP: 1/5
   326 | D:1      | Learned a level 2 spell: Poisonous Vapours
   831 | D:1      | Reached XP level 3. HP: 20/21 MP: 3/6
  1523 | D:2      | Found Ufouc's Book Shop.
  2392 | D:3      | Found a hide-covered altar of Uskayaw.
  2600 | D:3      | Found a glowing silver altar of Zin.
  2787 | D:3      | Reached XP level 4. HP: 27/27 MP: 5/7
  3476 | D:4      | Noticed a centaur
  3524 | D:4      | Noticed a lemure
  3527 | D:4      | Noticed Pikel
  3527 | D:4      | Noticed a lemure
  3527 | D:4      | Noticed a lemure
  3528 | D:4      | Noticed a lemure
  3624 | D:4      | Reached skill level 5 in Poison Magic
  3630 | D:4      | Learned a level 4 spell: Olgreb's Toxic Radiance
  3877 | D:4      | Reached XP level 5. HP: 3/32 MP: 1/9
  4065 | D:4      | Killed a centaur
  4066 | D:4      | Reached skill level 1 in Fighting
  4149 | D:4      | Noticed an ogre
  4279 | D:4      | Noticed a phantom
  4300 | D:5      | Entered Level 5 of the Dungeon
  4315 | D:5      | Noticed a black bear
  4322 | D:5      | Killed a black bear
  4323 | D:5      | Reached skill level 6 in Poison Magic
  4323 | D:5      | Reached XP level 6. HP: 27/39 MP: 2/10
  4327 | D:5      | Noticed a black bear
  4521 | D:5      | Killed a black bear
  4626 | D:5      | Reached XP level 7. HP: 31/45 MP: 6/12
  4770 | D:4      | Noticed Edmund
  4786 | D:4      | Killed Edmund
  4787 | D:4      | Reached skill level 7 in Poison Magic
  4802 | D:4      | Identified the ring of Segg {rF+ rN++ Int-4}
  5214 | D:4      | Killed Pikel
  5215 | D:4      | Reached skill level 8 in Poison Magic
  5215 | D:4      | Reached XP level 8. HP: 52/52 MP: 4/14
  5289 | D:4      | Learned a level 3 spell: Mephitic Cloud
  6118 | D:5      | Found Ceirrau's Armour Shoppe.
  6300 | D:6      | Found a runed translucent gate.
  6300 | D:6      | Found a runed translucent gate.
  6300 | D:6      | Found an opulent altar of Gozag.
  6301 | D:6      | Found a runed translucent gate.
  6301 | D:6      | Noticed a wraith
  6305 | D:6      | Noticed a yak
  6305 | D:6      | Noticed Arximoufas's ghost (amateur DsFi)
  6431 | D:6      | Noticed Dowan
  6432 | D:6      | Noticed Duvessa
  6452 | D:6      | Killed Duvessa
  6460 | D:6      | Killed Dowan
  6646 | D:6      | Reached skill level 5 in Dodging
  6842 | D:6      | Reached skill level 9 in Poison Magic
  6983 | D:6      | Noticed Blork the orc
  6995 | D:6      | Killed Blork the orc
  6996 | D:6      | Reached skill level 1 in Air Magic
  6996 | D:6      | Reached XP level 9. HP: 53/58 MP: 5/16
  7091 | D:6      | Splashed by a jelly's acid

Illustrated notes

Levels and vault maps discovered:
D:1:      matt_arrival_spirals, layout_basic
D:2:      layout_loops_corners, serial_glass, glass_columns_a, glass_columns_a,
          minmay_strange_pillars, serial_shops, shop_fountains,
          small_statue_intersection, minivault_27, glass_columns_b,
          feat_on_display
D:3:      layout_basic, lemuel_crystal_altar, mainiacjoe_overflow_boulevard,
          chequers_serial_rivers_micro_a
D:4:      layout_basic, minmay_manual_mail, uniq_pikel, uniq_edmund
D:5:      layout_rooms, serial_shops, shop
D:6:      layout_loops_ring, ebering_ghost_gozag, uniq_duvessa,
          uniq_blork_the_orc, uniq_eustachio

Skill      XL: |  1  2  3  4  5  6  7  8 |
---------------+-------------------------+-----
Poison Magic   | 4 5 6 8 9 |  9.2
Fighting       | 1 2 3 4 |  4.1
Dodging        | 3 4 5 |  5.2
Spellcasting   | 3 4 |  4.8
Stealth        | 3 |  3.0
Transmutations | 2 |  2.5
Air Magic      | 1 |  1.0

Action                     |  1- 3 |  4- 6 |  7- 9 || total
---------------------------+-------+-------+-------++-------
  Melee: Unarmed           |    53 |    27 |       ||    80
         Constrict         |    14 |     8 |    22 ||    44
         Tentacles         |    10 |     7 |    24 ||    41
         Short sword       |       |       |    82 ||    82
         Punch             |       |       |     1 ||     1
   Cast: Sting             |    49 |    35 |    20 ||   104
         Poisonous Vapours |    10 |     6 |       ||    16
         Olgreb's Toxic Ra |       |     7 |    23 ||    30
         Mephitic Cloud    |       |       |     3 ||     3
    Use: Scroll            |     2 |       |     3 ||     5
   Stab: Sleeping          |     2 |     1 |     1 ||     4
         Confused          |       |       |     3 ||     3
 Armour: Skin              |     3 |     5 |     1 ||     9
  Dodge: Dodged            |    31 |    44 |    45 ||   120

Table legend: (Time is in decaauts)
 A = Elapsed time spent in this place.
 B = Non-inter-level travel time spent in this place.
 C = Inter-level travel time spent in this place.
 D = Time resting spent in this place.
 E = Time spent auto-exploring this place.
 F = Levels seen in this place.
 G = Mean time per level.
                   A        B        C        D        E       F      G
               +--------+--------+--------+--------+--------+-----+--------+
         Total |   7088 |   6922 |    166 |      0 |   5749 |   6 | 1181.3 |
       Dungeon |   7088 |   6922 |    166 |      0 |   5749 |   6 | 1181.3 |
               +--------+--------+--------+--------+--------+-----+--------+

Top non-repeatable levels by time:
     D:4: 1820 daAuts
     D:1: 1460 daAuts
     D:3: 1211 daAuts
     D:2: 916 daAuts
     D:6: 861 daAuts
     D:5: 818 daAuts
